[Event "*** SCC Grand Prix: Titled Tuesday Blitz"]
[Site "Chess.com"]
[Date "2020.06.09"]
[Round "10"]
[White "DanielTitichoca"]
[Black "Roza_Idrisova"]
[Result "1-0"]
[WhiteElo "2332"]
[BlackElo "2190"]
[TimeControl "180+1"]
[EndTime "10:54:37 PDT"]
[Termination "DanielTitichoca won by checkmate"]

1. c4 c6 2. Nf3 d5 3. e3 Nf6 4. d4 Bg4 5. Nc3 e6 6. h3 Bh5 7. g4 Bg6 8. Ne5 Nbd7 9. Nxg6 hxg6 10. Bg2 Bd6 11. O-O g5 12. c5 Bb8 13. f4 gxf4 14.
exf4 b6 15. cxb6 axb6 16. Be3 Qc7 17. Rc1 Qb7 18. a3 Bd6 19. f5 e5 20. g5 Nh5 21.
dxe5 Nxe5 22. Nxd5 cxd5 23. Bxd5 Qb8 24. Bxa8 O-O 25.
Bg2 g6 26. fxg6 fxg6 27. Qd5+ Kh7 28. Bd4 Re8 29. Rf7+ Nxf7 30. Qxf7+ Ng7 31. Qxg7# 1-0

[Event "*** SCC Grand Prix: Titled Tuesday Blitz"]
[Site "Chess.com"]
[Date "2020.06.09"]
[Round "10"]
[White "frankshar"]
[Black "fridaywins"]
[Result "1-0"]
[WhiteElo "2354"]
[BlackElo "2213"]
[TimeControl "180+1"]
[EndTime "10:54:38 PDT"]
[Termination "frankshar won by resignation"]

1. d4 Nf6 2. c4 g6 3. Nc3 Bg7 4. e4 O-O 5. Nf3 d6 6. Be2 e5 7.
O-O Nc6 8. d5 Ne7 9. Nd2 a5 10.
Rb1 Nd7 11. a3 f5 12. b4 Nf6 13. f3 f4 14. c5 axb4 15. axb4 g5 16. Nc4 Ne8 17.
Bb2 Rf7 18. b5 dxc5 19. b6 Nd6 20. bxc7 Qxc7 21. Nxd6 Qxd6 22. Nb5 Qd8 23. d6 Nc6 24. Bc4 Nd4 25. Bxd4 exd4 26. Qb3 Qf6 27. e5 Qxe5 1-0

[Event "*** SCC Grand Prix: Titled Tuesday Blitz"]
[Site "Chess.com"]
[Date "2020.06.09"]
[Round "10"]
[White "Shota_Azaladze"]
[Black "jonaszmb"]
[Result "1-0"]
[WhiteElo "2774"]
[BlackElo "2445"]
[TimeControl "180+1"]
[EndTime "10:54:40 PDT"]
[Termination "Shota_Azaladze won by checkmate"]

1. Nf3 c5 2. g3 g6 3. Bg2 Bg7 4. O-O Nc6 5. c3 e5 6. d4 cxd4 7. cxd4 e4 8. Ne5 d5 9. Nxc6 bxc6 10. Nc3 Ne7 11. Na4 Nf5 12. e3 h5 13. f3 Ba6 14.
fxe4 Bxf1 15. Qxf1 dxe4 16. Bxe4 O-O 17. Bxf5 gxf5 18.
Qxf5 h4 19. Nc5 hxg3 20. hxg3 Qd5 21. g4 Qc4 22. Bd2 Qe2 23. Ne4 Rae8 24. Re1 Qa6 25. g5 Qxa2 26. Nf6+ Bxf6 27. gxf6 Qe6 28. Qg5+ Kh8 29.
Qg7# 1-0

[Event "*** SCC Grand Prix: Titled Tuesday Blitz"]
[Site "Chess.com"]
[Date "2020.06.09"]
[Round "10"]
[White "Sanan_Sjugirov"]
[Black "Kildepiotr"]
[Result "1/2-1/2"]
[WhiteElo "2776"]
[BlackElo "2619"]
[TimeControl "180+1"]
[EndTime "10:54:42 PDT"]
[Termination "Game drawn by repetition"]

1. e4 e6 2. d4 d5 3. e5 c5 4. c3 Qb6 5. Nf3 Bd7 6. Be2 Bb5 7. O-O Bxe2 8. Qxe2 Nc6 9. Be3 cxd4 10. cxd4 Nge7 11. Nc3 Nf5 12. Rfd1 Be7 13. g4 Nxe3 14.
fxe3 O-O 15. Qb5 Qxb5 16. Nxb5 a6 17. Nc3 f6 18. exf6 Rxf6 19. Kg2 Raf8 20. Rf1 Bd6 21. h3 Nb4 22. Rac1 Nd3 23. Rb1 Rg6 24. Rfd1 Nb4 25. a3 Nc6 26. Rf1 h5 27. Nh4 Rg5 28. Rxf8+ Kxf8 29.
Rf1+ Ke8 30. Nf3 Rg6 31. Nh4 Rg5 32. Nf3 Rg6 33. Nh4 Rg5 1/2-1/2

[Event "*** SCC Grand Prix: Titled Tuesday Blitz"]
[Site "Chess.com"]
[Date "2020.06.09"]
[Round "10"]
[White "Borsuk_Konstantin"]
[Black "witcher8"]
[Result "1-0"]
[WhiteElo "2567"]
[BlackElo "2412"]
[TimeControl "180+1"]
[EndTime "10:54:46 PDT"]
[Termination "Borsuk_Konstantin won on time"]

1. d4 Nf6 2. c4 g6 3. Nc3 Bg7 4. e4 d6 5. f3 O-O 6. Be3 c5 7.
dxc5 dxc5 8. Qxd8 Rxd8 9. Bxc5 Nc6 10. Nd5 Nd7 11. Bxe7 Nxe7 12. Nxe7+ Kf8 13. Nd5 Nb6 14. O-O-O Be6 15. Kb1 Nxd5 16. cxd5 Bd7 17. Ne2 b5 18. Nd4 a5 19. Bxb5 1-0

[Event "*** SCC Grand Prix: Titled Tuesday Blitz"]
[Site "Chess.com"]
[Date "2020.06.09"]
[Round "10"]
[White "Bubachess1608"]
[Black "Sanyura"]
[Result "0-1"]
[WhiteElo "2278"]
[BlackElo "2469"]
[TimeControl "180+1"]
[EndTime "10:54:57 PDT"]
[Termination "Sanyura won by resignation"]

1. e4 c5 2. d3 Nc6 3. c3 e6 4. f4 d5 5. Qe2 Nge7 6. g3 g6 7. Be3 b6 8. Bf2 Bg7 9. Bg2 O-O 10. Nf3 a5 11. a4 dxe4 12. dxe4 Ba6 13. Qd2 e5 14. Bf1 exf4 15. gxf4 Bxf1 16. Kxf1 Qc8 17.
Kg2 Qg4+ 18. Bg3 Rad8 19. Qe2 h5 20. h3 Qe6 21. Nbd2 f5 22. Ng5 Qf6 23. e5 Nxe5 24.
fxe5 Qxg5 25. Nf3 Qh6 26. h4 f4 27. Bf2 Nf5 28. Ng5 f3+ 29. Nxf3 Qf4 30. Rad1 Qg4+ 31. Kh2 Rxd1 32. Rxd1 Nxh4 33. Nxh4 Qxe2 0-1

[Event "*** SCC Grand Prix: Titled Tuesday Blitz"]
[Site "Chess.com"]
[Date "2020.06.09"]
[Round "10"]
[White "Dmitry_Konenkin"]
[Black "HElissalt"]
[Result "1-0"]
[WhiteElo "2361"]
[BlackElo "2196"]
[TimeControl "180+1"]
[EndTime "10:54:58 PDT"]
[Termination "Dmitry_Konenkin won by resignation"]

1. d4 f5 2. Bg5 d5 3. g4 h6 4. Bf4 g5 5. Be5 Nf6 6. h4 Bg7 7. hxg5 hxg5 8. Rxh8+ Bxh8 9. Nf3 fxg4 10. Nxg5 Nc6 11.
Qd3 Kf8 12. Nc3 Nb4 13. Qd2 Bf5 14. O-O-O Qd7 15. e4 dxe4 16. Bc4 Bg7 17. Rh1 Nc6 18.
Qf4 Nd8 19. Ncxe4 Bg6 20. Nxf6 1-0

[Event "*** SCC Grand Prix: Titled Tuesday Blitz"]
[Site "Chess.com"]
[Date "2020.06.09"]
[Round "10"]
[White "SketchyMoves"]
[Black "TigranMukhutdinov"]
[Result "1-0"]
[WhiteElo "2651"]
[BlackElo "2476"]
[TimeControl "180+1"]
[EndTime "10:55:03 PDT"]
[Termination "SketchyMoves won by resignation"]

1. b3 e5 2. Bb2 Nc6 3. e3 Nf6 4. Nf3 d6 5. d4 exd4 6. Nxd4 Nxd4 7. Qxd4 Be7 8. Nc3 O-O 9. Nd5 c6 10. Nxe7+ Qxe7 11. Bd3 d5 12. Qh4 h6 13. g4 Re8 14.
g5 Ne4 15. Bxe4 Qb4+ 16. c3 Qxe4 17. Qxe4 Rxe4 18. gxh6 gxh6 19. Ke2 Bf5 20. f3 Re6 21. Rhg1+ Bg6 22. Kf2 Rae8 23. Rae1 Kh7 24. Rg4 Bh5 25. Rf4 Bg6 26. h4 h5 27. c4 dxc4 28. Rxc4 Rd8 29. Re2 Red6 30. e4 Rd2 31. Rc5 Rxe2+ 32.
Kxe2 Rd6 33. Ra5 a6 34. Re5 Re6 35. Rxe6 fxe6 36. Ke3 Kg8 37. Kd4 b6 38. Ke5 Bf7 39.
Kd6 Be8 40. Kxe6 1-0

[Event "*** SCC Grand Prix: Titled Tuesday Blitz"]
[Site "Chess.com"]
[Date "2020.06.09"]
[Round "10"]
[White "Haapana"]
[Black "GuuBol"]
[Result "0-1"]
[WhiteElo "2381"]
[BlackElo "2263"]
[TimeControl "180+1"]
[EndTime "10:55:14 PDT"]
[Termination "GuuBol won by resignation"]

1. d4 d5 2. c4 e6 3. Nc3 c5 4. cxd5 exd5 5. Nf3 Nc6 6. g3 Nf6 7. Bg2 Be7 8. O-O O-O 9. dxc5 Bxc5 10. Bg5 Be6 11.
Rc1 Bb6 12. Na4 h6 13. Bf4 Re8 14. b3 Bg4 15. h3 Bh5 16. Re1 Ne4 17. Nxb6 axb6 18.
Nd4 Qf6 19. Nxc6 bxc6 20. Qc2 g5 21. Bd2 Qxf2+ 0-1

[Event "*** SCC Grand Prix: Titled Tuesday Blitz"]
[Site "Chess.com"]
[Date "2020.06.09"]
[Round "10"]
[White "ZAbdumalik"]
[Black "dey2580"]
[Result "0-1"]
[WhiteElo "2714"]
[BlackElo "2496"]
[TimeControl "180+1"]
[EndTime "10:55:19 PDT"]
[Termination "dey2580 won by resignation"]

1. e4 d5 2. exd5 Qxd5 3. Nc3 Qd6 4. d4 Nf6 5. g3 Bg4 6. Qd3 Nc6 7. Nge2 O-O-O 8.
Be3 e5 9. Bg2 exd4 10. Nb5 Qe5 11. Bxc6 Bb4+ 12. Bd2 Bxd2+ 13. Kxd2 bxc6 14. Na3 Ne4+ 15.
Kd1 Nxf2+ 0-1

[Event "*** SCC Grand Prix: Titled Tuesday Blitz"]
[Site "Chess.com"]
[Date "2020.06.09"]
[Round "10"]
[White "tan275"]
[Black "GuerrieroFromLevant"]
[Result "0-1"]
[WhiteElo "2181"]
[BlackElo "2327"]
[TimeControl "180+1"]
[EndTime "10:55:22 PDT"]
[Termination "GuerrieroFromLevant won by checkmate"]

1. d4 d5 2. c4 e6 3. Nf3 c5 4. g3 Nc6 5. cxd5 exd5 6. Bg2 Nf6 7. O-O Be7 8. dxc5 Bxc5 9. Nc3 O-O 10. Na4 Be7 11.
Be3 Bg4 12. Nc5 Bxc5 13. Bxc5 Re8 14. h3 Bh5 15. g4 Bg6 16. Nd4 Ne4 17. Ba3 Qf6 18. Nb5 Rac8 19. Bxe4 Bxe4 20. Nd6 Qh4 21. Kh2 Re6 22. Nxc8 Ne5 23. f3 Rh6 24. Ne7+ Kh8 25. Qe1 Qxh3+ 26. Kg1 Qh2# 0-1

[Event "*** SCC Grand Prix: Titled Tuesday Blitz"]
[Site "Chess.com"]
[Date "2020.06.09"]
[Round "10"]
[White "anon569"]
[Black "harkerchess"]
[Result "1-0"]
[WhiteElo "2294"]
[BlackElo "2026"]
[TimeControl "180+1"]
[EndTime "10:55:25 PDT"]
[Termination "anon569 won by resignation"]

1. e4 e5 2. Nc3 Nf6 3. Bc4 Nxe4 4. Qh5 Nd6 5. Bb3 Be7 6. Nf3 Nc6 7. Nxe5 Nxe5 8. Qxe5 O-O 9. O-O Bf6 10. Qf4 b6 11. d4 Bb7 12. Nd5 Be7 13. Nxe7+ Qxe7 14. Bd2 Qe4 15. f3 Qg6 16. Rae1 Nf5 17. c3 d6 18. Bc2 Bc8 19. g4 h5 20. Bxf5 Bxf5 21. Qxf5 Qxf5 22. gxf5 Rfe8 23. Rxe8+ Rxe8 24. Re1 Rxe1+ 25. Bxe1 Kf8 26. Kf2 Ke7 27. Ke3 Kf6 28. Kf4 g5+ 29. fxg6 fxg6 30. Bh4+ Kf7 31. Bd8 c6 32. Kg5 c5 33. d5 a6 34. f4 b5 35. f5 gxf5 36.
Kxf5 h4 37. Bxh4 a5 38. Bf6 a4 39. h4 b4 40. h5 c4 41. cxb4 c3 42. bxc3 a3 43.
c4 1-0

[Event "*** SCC Grand Prix: Titled Tuesday Blitz"]
[Site "Chess.com"]
[Date "2020.06.09"]
[Round "10"]
[White "alexrustemov"]
[Black "Gandrade2"]
[Result "1-0"]
[WhiteElo "2652"]
[BlackElo "2044"]
[TimeControl "180+1"]
[EndTime "10:55:26 PDT"]
[Termination "alexrustemov won by resignation"]

1. d4 d5 2. c4 e6 3. Nc3 a6 4. Nf3 Nf6 5. cxd5 exd5 6. Bg5 Be6 7. e3 Nbd7 8. Qc2 Bd6 9. Bd3 O-O 10. Bxh7+ Kh8 11.
Bd3 c6 12. h4 Qc7 13. h5 Ng8 14. h6 f5 15. hxg7+ Kxg7 16. Ne2 Nb6 17. Nf4 Bxf4 18.
Bxf4 Qd7 19. Ne5 Qc8 20. g4 a5 21. O-O-O Nd7 22. gxf5 Bf7 23. Rdg1+ 1-0

[Event "*** SCC Grand Prix: Titled Tuesday Blitz"]
[Site "Chess.com"]
[Date "2020.06.09"]
[Round "10"]
[White "Boudicca64"]
[Black "dianamirza"]
[Result "0-1"]
[WhiteElo "1815"]
[BlackElo "1992"]
[TimeControl "180+1"]
[EndTime "10:55:26 PDT"]
[Termination "dianamirza won by checkmate"]

1. e4 e5 2. d4 exd4 3. Qxd4 Nf6 4. Nc3 d6 5. Be3 g6 6. f3 Bg7 7. Bc4 O-O 8. O-O-O Nc6 9. Qd2 Ne5 10. Bb3 a5 11. a3 Bd7 12. h4 a4 13. Ba2 b5 14. Bh6 b4 15. axb4 a3 16. h5 axb2+ 17. Kxb2 Rxa2+ 18. Kxa2 Qa8+ 19. Kb3 Be6+ 20. Nd5 Nxd5 21. exd5 c5 22. hxg6 c4+ 23. Kb2 Nd3+ 24. Kb1 Qa1# 0-1

[Event "*** SCC Grand Prix: Titled Tuesday Blitz"]
[Site "Chess.com"]
[Date "2020.06.09"]
[Round "10"]
[White "Boninknights"]
[Black "BursaBBSatranc"]
[Result "0-1"]
[WhiteElo "2361"]
[BlackElo "2529"]
[TimeControl "180+1"]
[EndTime "10:55:28 PDT"]
[Termination "BursaBBSatranc won by resignation"]

1. d4 d5 2. Nf3 Nf6 3. c4 c6 4. Qb3 Qb6 5. Nc3 dxc4 6. Qxc4 Be6 7. Qd3 g6 8. g3 Bg7 9. Bg2 O-O 10. O-O Rd8 11.
Qc2 Na6 12. a3 Bb3 13. Qb1 c5 14. dxc5 Nxc5 15. h3 Rac8 16. Be3 Qa6 17. Nd2 Be6 18. Bxc5 Rxc5 19. Nde4 Nxe4 20. Nxe4 Rb5 21. Rd1 Rxd1+ 22. Qxd1 Bxb2 23. Qd8+ Kg7 24. Rd1 Qxa3 25. Ng5 Rxg5 0-1

[Event "*** SCC Grand Prix: Titled Tuesday Blitz"]
[Site "Chess.com"]
[Date "2020.06.09"]
[Round "10"]
[White "TregubovP"]
[Black "Enriquack"]
[Result "0-1"]
[WhiteElo "2554"]
[BlackElo "2428"]
[TimeControl "180+1"]
[EndTime "10:55:29 PDT"]
[Termination "Enriquack won by resignation"]

1. e4 c5 2. Nf3 e6 3. c3 d5 4. exd5 Qxd5 5. d4 Nf6 6. Be2 Nc6 7. O-O cxd4 8. cxd4 Be7 9. Nc3 Qd6 10. Nb5 Qd8 11. Bf4 Nd5 12. Bg3 O-O 13. Rc1 Bd7 14. Nc3 Nf6 15. a3 Rc8 16. Bd3 Qa5 17.
Bb1 Rfd8 18. Qe2 Be8 19. Rfd1 Qh5 20. h3 Nd5 21. Ne4 Bf8 22. b4 Nce7 23. Nd6 Rxc1 24. Rxc1 Bd7 25. Nxb7 Ra8 26. Ne5 Qxe2 0-1

[Event "*** SCC Grand Prix: Titled Tuesday Blitz"]
[Site "Chess.com"]
[Date "2020.06.09"]
[Round "10"]
[White "Mikasinski"]
[Black "GjakanTati"]
[Result "1-0"]
[WhiteElo "2452"]
[BlackElo "2593"]
[TimeControl "180+1"]
[EndTime "10:55:30 PDT"]
[Termination "Mikasinski won by resignation"]

1. e4 e5 2. Nf3 Nc6 3. Nc3 Nf6 4. Bb5 Bb4 5. O-O O-O 6. d3 Bxc3 7. bxc3 d6 8. Re1 Ne7 9. d4 Ng6 10. dxe5 Nxe5 11.
Nxe5 dxe5 12. Ba3 Bg4 13. f3 Be6 14. Bxf8 Qxf8 15. Bd3 Qc5+ 16. Kh1 Qxc3 17. Qe2 b6 18. a4 a5 19. Rad1 h5 20. Qf2 Qb4 21. Bb5 Qe7 22. Bc6 Rf8 23. h3 Bc8 24. f4 exf4 25. e5 Nh7 26.
Qxf4 Ng5 27. Bd5 Ne6 28. Qf3 h4 29. Bxe6 Bxe6 30. Rd4 Qc5 31. Rxh4 g6 32. Qf6 1-0

[Event "*** SCC Grand Prix: Titled Tuesday Blitz"]
[Site "Chess.com"]
[Date "2020.06.09"]
[Round "10"]
[White "2008king"]
[Black "Logman74"]
[Result "0-1"]
[WhiteElo "2181"]
[BlackElo "2345"]
[TimeControl "180+1"]
[EndTime "10:55:33 PDT"]
[Termination "Logman74 won by resignation"]

1. e4 e5 2. Nf3 Nc6 3. d4 exd4 4. Nxd4 Nf6 5. Nxc6 bxc6 6. e5 Qe7 7. Qe2 Nd5 8. h4 g6 9. Bg5 Qb4+ 10. c3 Qb6 11. Bf6 Rg8 12. g3 Ba6 13. Qxa6 Qxb2 14. Bh3 Qc1+ 15.
Ke2 Qxh1 16. Qb7 Qe4+ 17. Kf1 Qh1+ 18. Ke2 Nb6 19. Nd2 Qxh3 20. Kf3 g5 21. Nc4 Qf5+ 22. Kg2 Qe4+ 23. f3 Qxc4 24. Rd1 Qe2+ 0-1

[Event "*** SCC Grand Prix: Titled Tuesday Blitz"]
[Site "Chess.com"]
[Date "2020.06.09"]
[Round "10"]
[White "Bastiandash"]
[Black "Vitor-Moraes"]
[Result "1-0"]
[WhiteElo "2169"]
[BlackElo "1967"]
[TimeControl "180+1"]
[EndTime "10:55:35 PDT"]
[Termination "Bastiandash won by resignation"]

1. d4 Nf6 2. Nf3 e6 3. c3 d5 4. Bg5 Nbd7 5. e3 h6 6. Bh4 b6 7. Bd3 Bb7 8. O-O Be7 9. Nbd2 O-O 10. Ne5 c5 11. f4 cxd4 12. exd4 Ne4 13. Bxe7 Qxe7 14.
Qe2 Nxe5 15. fxe5 f5 16. exf6 Nxf6 17. Nf3 Nd7 18. Rae1 Rae8 19. g3 Rf6 20. Ne5 Rxf1+ 21. Rxf1 Nxe5 22. Qxe5 Rf8 23. Rf4 Rxf4 24. Qxf4 Qf7 25.
Qb8+ 1-0

[Event "*** SCC Grand Prix: Titled Tuesday Blitz"]
[Site "Chess.com"]
[Date "2020.06.09"]
[Round "10"]
[White "MomchilPetkov"]
[Black "FrogMist"]
[Result "1-0"]
[WhiteElo "2546"]
[BlackElo "2394"]
[TimeControl "180+1"]
[EndTime "10:55:47 PDT"]
[Termination "MomchilPetkov won on time"]

1. e4 e5 2. Nf3 Nc6 3. Bb5 Nf6 4. d3 Ne7 5. O-O c6 6. Ba4 Ng6 7. Re1 Be7 8. d4 exd4 9. e5 Nd5 10. Qxd4 O-O 11.
Bb3 d6 12. Bxd5 cxd5 13. exd6 Bxd6 14. Nc3 Ne7 15. Bg5 f6 16. Bf4 Bf5 17. Re2 Re8 18. Rae1 Bg6 19. Bxd6 Qxd6 20. Re6 1-0

[Event "*** SCC Grand Prix: Titled Tuesday Blitz"]
[Site "Chess.com"]
[Date "2020.06.09"]
[Round "10"]
[White "JoachimMouhamad"]
[Black "Mazetovic"]
[Result "0-1"]
[WhiteElo "2481"]
[BlackElo "2634"]
[TimeControl "180+1"]
[EndTime "10:55:50 PDT"]
[Termination "Mazetovic won by checkmate"]

1. e4 c5 2. Nf3 e6 3. d4 cxd4 4.
Nxd4 Nc6 5. Nc3 Qc7 6. Be3 Nf6 7. f4 Nxd4 8. Bxd4 Bb4 9. e5 Nd5 10. Qd2 Nxc3 11. bxc3 Be7 12. Bd3 b6 13. O-O g6 14. a4 Bb7 15. Qe3 Bc5 16. a5 O-O 17. f5 exf5 18. Rxf5 Qc6 19. Rg5 Rae8 20. axb6 axb6 21.
Re1 d6 22. Qg3 dxe5 23. Rgxe5 Rxe5 24. Qxe5 Qxg2# 0-1

[Event "*** SCC Grand Prix: Titled Tuesday Blitz"]
[Site "Chess.com"]
[Date "2020.06.09"]
[Round "10"]
[White "Bhagya_2312"]
[Black "kuba2006"]
[Result "0-1"]
[WhiteElo "2121"]
[BlackElo "2299"]
[TimeControl "180+1"]
[EndTime "10:55:53 PDT"]
[Termination "kuba2006 won on time"]

1. e4 Nf6 2. e5 Nd5 3. d4 d6 4. Nf3 Bg4 5. Be2 c6 6. c4 Nb6 7. O-O Bxf3 8. Bxf3 dxe5 9. c5 N6d7 10. dxe5 Nxe5 11.
Qxd8+ Kxd8 12. Be2 Nbd7 13. Be3 e6 14. Rd1 Kc7 15.
Bf4 f6 16. b4 a5 17. Nd2 axb4 18. Nc4 Bxc5 19. Rxd7+ Kxd7 20. Bxe5 fxe5 21. Nxe5+ Ke7 22. Nd3 Bd6 23. g3 b3 24. a4 b5 25. a5 c5 26. a6 c4 0-1

[Event "*** SCC Grand Prix: Titled Tuesday Blitz"]
[Site "Chess.com"]
[Date "2020.06.09"]
[Round "10"]
[White "northridgehawk"]
[Black "Irishchessman16"]
[Result "0-1"]
[WhiteElo "2351"]
[BlackElo "2469"]
[TimeControl "180+1"]
[EndTime "10:55:54 PDT"]
[Termination "Irishchessman16 won by resignation"]

1. e4 c5 2. Nf3 Nc6 3. d4 cxd4 4. Nxd4 Nf6 5. Nc3 e5 6. Ndb5 d6 7. Nd5 Nxd5 8. exd5 Nb8 9. c4 Be7 10. Be2 O-O 11. O-O f5 12. Be3 a6 13. Nc3 f4 14. Bd2 Nd7 15. Ne4 Nf6 16. Bd3 Ng4 17. Be2 Nh6 18. Bf3 Nf5 19. b4 Nd4 20. Bc3 Nxf3+ 21. Qxf3 g5 22. Rfd1 g4 23. Qd3 Bf5 24. c5 f3 25. g3 Rf7 26. Re1 Qf8 27. Rad1 Qh6 28. Qc4 b5 29. cxb6 Rc8 30. b7 Rxc4 31. b8=Q+ Rf8 0-1

[Event "*** SCC Grand Prix: Titled Tuesday Blitz"]
[Site "Chess.com"]
[Date "2020.06.09"]
[Round "10"]
[White "reniite"]
[Black "quesfr"]
[Result "0-1"]
[WhiteElo "1832"]
[BlackElo "2219"]
[TimeControl "180+1"]
[EndTime "10:55:57 PDT"]
[Termination "quesfr won on time"]

1. e4 c5 2. Nf3 d6 3. d4 cxd4 4.
Nxd4 Nf6 5. Nc3 g6 6. g3 Nc6 7.
Bg2 Bg4 8. f3 Bd7 9. O-O Bg7 10.
Nb3 O-O 11. Be3 Rc8 12. Qe2 Ne5 13. Rad1 Nc4 14. Bc1 Qb6+ 15. Kh1 Rfd8 16. Rfe1 Bb5 0-1

[Event "*** SCC Grand Prix: Titled Tuesday Blitz"]
[Site "Chess.com"]
[Date "2020.06.09"]
[Round "10"]
[White "PavelChernomordik"]
[Black "amatatanav"]
[Result "1-0"]
[WhiteElo "2300"]
[BlackElo "2404"]
[TimeControl "180+1"]
[EndTime "10:56:02 PDT"]
[Termination "PavelChernomordik won on time"]

1. e4 c5 2. Nc3 Nc6 3. Bb5 e6 4. Bxc6 bxc6 5. e5 Ne7 6. f4 Ng6 7. d3 f6 8. Nf3 Qc7 9. Qe2 Be7 10.
O-O O-O 11. Bd2 c4 12. d4 Ba6 13. Rae1 Rab8 14. Bc1 Bd8 15. Nd2 Ne7 16. exf6 gxf6 17.
Qg4+ Kh8 18. Qh5 Nd5 19. f5 e5 20. dxe5 fxe5 21. Nde4 Nf6 22. Nxf6 Bxf6 23. Bh6 d5 24.
Bxf8 Rxf8 25. Kh1 Qb6 26. Qh6 Bg7 27. Qd6 Rd8 28. Qe7 Qc7 29. Qxc7 1-0

[Event "*** SCC Grand Prix: Titled Tuesday Blitz"]
[Site "Chess.com"]
[Date "2020.06.09"]
[Round "10"]
[White "evgchess5"]
[Black "TomsKantans"]
[Result "1/2-1/2"]
[WhiteElo "2800"]
[BlackElo "2640"]
[TimeControl "180+1"]
[EndTime "10:56:08 PDT"]
[Termination "Game drawn by repetition"]

1. e4 c5 2. Nf3 Nf6 3. e5 Nd5 4. Nc3 e6 5. Nxd5 exd5 6. d4 Nc6 7. dxc5 Bxc5 8. Qxd5 Qb6 9. Bc4 Bxf2+ 10. Ke2 O-O 11. Rf1 Bc5 12. Ng5 Nd4+ 13. Kd1 Ne6 14. Ne4 d6 15.
exd6 Rd8 16. Bd3 Bxd6 17. Qh5 Bc7 18. Qxf7+ Kh8 19. Bd2 Bd7 20. Bc3 Bb5 21. Ng5 Bxd3 22. cxd3 Qe3 23. Nxe6 Qxd3+ 24. Kc1 Qe3+ 25. Kc2 Qe2+ 26.
Kb3 Qb5+ 27. Kc2 Qe2+ 28. Kb3 Qb5+ 29. Kc2 Qe2+ 1/2-1/2

[Event "*** SCC Grand Prix: Titled Tuesday Blitz"]
[Site "Chess.com"]
[Date "2020.06.09"]
[Round "10"]
[White "SiddharthGMJagadeesh"]
[Black "AliKa2810"]
[Result "0-1"]
[WhiteElo "2443"]
[BlackElo "2590"]
[TimeControl "180+1"]
[EndTime "10:56:10 PDT"]
[Termination "AliKa2810 won by resignation"]

1. d4 Nf6 2. Nf3 d5 3. c4 e6 4. g3 dxc4 5. Bg2 Bd7 6. Ne5 Bc6 7. Nxc6 Nxc6 8. e3 Qd7 9. O-O Nd5 10. Qc2 h5 11. Qxc4 h4 12. Nc3 O-O-O 13. b4 hxg3 14. hxg3 Bxb4 15. Nxd5 exd5 16. Qc2 Qg4 17. Bd2 Qe2 18.
Rfd1 Rh6 19. Rab1 Rf6 20. Bh3+ Kb8 21. Bf5 Rh8 22. Bxb4 Qf3 23. Bh7 Rh6 0-1

[Event "*** SCC Grand Prix: Titled Tuesday Blitz"]
[Site "Chess.com"]
[Date "2020.06.09"]
[Round "10"]
[White "HanSchut"]
[Black "TrenerChos"]
[Result "1-0"]
[WhiteElo "2204"]
[BlackElo "2325"]
[TimeControl "180+1"]
[EndTime "10:56:10 PDT"]
[Termination "HanSchut won by checkmate"]

1. e4 c5 2. Nf3 Nc6 3. d4 cxd4 4. Nxd4 e5 5. Nb5 a6 6. Nd6+ Bxd6 7. Qxd6 Qf6 8. Qd2 Qg6 9. Nc3 d5 10. f3 d4 11. Nd5 Qd6 12. Bc4 Qd8 13. O-O Be6 14. c3 b5 15. Bb3 dxc3 16. bxc3 Nf6 17. Ba3 Qa5 18. Bd6 O-O-O 19. Bc5 Kb7 20. a4 Nxd5 21. exd5 Qc7 22. axb5 axb5 23. dxc6+ Qxc6 24. Ra7+ Kb8 25. Qe3 Bxb3 26. Rfa1 Bd5 27. Qxe5+ Kc8 28. Ra8+ Qxa8 29. Rxa8+ Bxa8 30. Bb6 Rd1+ 31. Kf2 Rhd8 32. Qc7# 1-0

[Event "*** SCC Grand Prix: Titled Tuesday Blitz"]
[Site "Chess.com"]
[Date "2020.06.09"]
[Round "10"]
[White "chessplayer9919"]
[Black "Generalas"]
[Result "1-0"]
[WhiteElo "2520"]
[BlackElo "2385"]
[TimeControl "180+1"]
[EndTime "10:56:12 PDT"]
[Termination "chessplayer9919 won on time"]

1. d4 Nf6 2. c4 c5 3. d5 b5 4. cxb5 a6 5. b6 d6 6. Nc3 Nbd7 7. e4 Rb8 8. Nf3 g6 9. Bd3 Bg7 10. O-O O-O 11. Nd2 Nxb6 12. Qe2 a5 13. f3 Nh5 14.
Nc4 Nxc4 15. Bxc4 Rb4 16. a3 Rb8 17. Be3 f5 18. Nb5 f4 19. Bf2 Bd7 20. a4 Be5 21.
Rfd1 g5 22. Be1 Rf6 23. Bc3 Bxc3 24. bxc3 g4 25. e5 Rg6 26. Bd3 Bxb5 27. axb5 gxf3 28. Qxf3 Rg5 29. Qe4 dxe5 30. Qxh7+ Kf8 31. Bg6 1-0

[Event "*** SCC Grand Prix: Titled Tuesday Blitz"]
[Site "Chess.com"]
[Date "2020.06.09"]
[Round "10"]
[White "Gloomy_Wanderer"]
[Black "Reader777"]
[Result "1/2-1/2"]
[WhiteElo "2782"]
[BlackElo "2624"]
[TimeControl "180+1"]
[EndTime "10:56:13 PDT"]
[Termination "Game drawn by agreement"]

1. d4 Nf6 2. Nf3 e6 3. c4 c5 4. d5 exd5 5. cxd5 d6 6. Nc3 g6 7. Bf4 a6 8. e4 b5 9. Be2 Bg7 10. e5 Nh5 11. Bg5 f6 12. Ne4 fxg5 13. Nxd6+ Kf8 14. Nxc8 Qxc8 15. d6 Nf4 16. g3 Nxe2 17. Qxe2 Nc6 18. e6 Bf6 19. Qe4 Kg7 20. O-O Re8 21.
Rfe1 Qb7 22. Rad1 Rad8 23. h4 g4 24. Qxg4 Nd4 25. Nxd4 Bxd4 26. Rxd4 cxd4 27. Qxd4+ Kg8 28. e7 Rd7 29. Qe5 Qc8 30. Qe6+ Kg7 31. Qe5+ Kg8 1/2-1/2

[Event "*** SCC Grand Prix: Titled Tuesday Blitz"]
[Site "Chess.com"]
[Date "2020.06.09"]
[Round "10"]
[White "RusPakhom"]
[Black "Ginger_GM"]
[Result "1-0"]
[WhiteElo "2445"]
[BlackElo "2556"]
[TimeControl "180+1"]
[EndTime "10:56:13 PDT"]
[Termination "RusPakhom won by checkmate"]

1. e4 a6 2. c4 e6 3. d4 b5 4. cxb5 Bb7 5. Nc3 Bb4 6. d5 Nf6 7. bxa6 Nxa6 8. Qd4 exd5 9. e5 Ne4 10. Bxa6 Bc5 11.
Qxe4 dxe4 12. Bxb7 Rb8 13. Bxe4 d5 14. exd6 O-O 15.
Nf3 Bxd6 16. O-O h6 17. Rd1 Qe7 18. Re1 Qf6 19. Be3 Rxb2 20. Bd4 Qd8 21. Rad1 Qb8 22. Nd5 Rxa2 23. Ne5 Qc8 24. Nc6 Kh8 25. Nce7 Qa6 26.
Nf5 Re2 27. Bxg7+ Kg8 28. Nf6# 1-0

[Event "*** SCC Grand Prix: Titled Tuesday Blitz"]
[Site "Chess.com"]
[Date "2020.06.09"]
[Round "10"]
[White "Grieve72"]
[Black "krasavetc"]
[Result "1-0"]
[WhiteElo "2371"]
[BlackElo "2223"]
[TimeControl "180+1"]
[EndTime "10:56:13 PDT"]
[Termination "Grieve72 won by resignation"]

1. e4 b6 2. d4 Bb7 3. Bd3 f5 4. exf5 Nf6 5. Nf3 c5 6. O-O Nc6 7. Bg5 cxd4 8. Re1 Qc7 9. a4 O-O-O 10. a5 bxa5 11. Na3 a6 12. Qd2 d5 13. Bf4 Qb6 14.
Re6 Qc5 15. Ng5 Rg8 16. Nf7 Rd7 17. c3 dxc3 18. bxc3 Ne4 19. Bxe4 dxe4 20. Qb2 Qxf5 21. Rxc6+ 1-0